 Dungeon Sprint DCSS version 0.27-a0-1177-g245c70e1c0 (webtiles) character file.

Game seed: 7443345141623359085

6 HoaS the Poker (level 1, -1/17 HPs)
             Began as a Demigod Gladiator on May 16, 2021.
             Slain by a water moccasin (5 damage)
             ... in the Dungeon (Sprint IX: "|||||||||||||||||||||||||||||").
             The game lasted 00:01:16 (92 turns).

HoaS the Poker (Demigod Gladiator)                    Turns: 92, Time: 00:01:17

Health: -1/17      AC:  4    Str: 15    XL:     1   Next: 60%
Magic:  3/3        EV: 12    Int: 10    God:
Gold:   0          SH:  0    Dex: 15    Spells: 0/0 levels left

rFire    . . .     SeeInvis .   a - +0 trident
rCold    . . .     Faith    .   (no shield)
rNeg     . . .     Spirit   .   b - +0 leather armour
rPois    .         Reflect  .   c - +0 helmet
rElec    .         Harm     .   (no cloak)
rCorr    .         Rampage  .   (no gloves)
Will     .....     NoTele   +   (no boots)
Stlth    +.........             (no amulet)
HPRegen  0.05/turn              (no ring)
MPRegen  0.08/turn              (no ring)

@: no status effects
A: high mp 1, forlorn
a: no special abilities


You were in the Dungeon.
You visited 1 branch

Inventory:

Hand Weapons
 a - a +0 trident (weapon)
Missiles
 d - 3 throwing nets (quivered)
Armour
 b - a +0 leather armour (worn)
 c - a +0 helmet (worn)
Scrolls
 j - a scroll of blinking
Potions
 e - a potion of curing
 f - a potion of heal wounds
 g - a potion of haste
 i - a potion of berserk rage


   Skills:
 - Level 1.7 Fighting
 + Level 4.3 Polearms
 - Level 1.7 Throwing
 - Level 2.6 Dodging


You couldn't memorise any spells.
You didn't know any spells.
Your spell library was empty.

Dungeon Overview and Level Annotations

Branches:
Dungeon (1/1)


Innate Abilities, Weirdness & Mutations

Your attributes grow dramatically as you level up.
You have an increased reservoir of magic. (+10% MP)
You shall have no god before yourself.


Message History

Things that are here:
a frilled lizard corpse; a ball python corpse As you open the door, it creaks loudly!
A water moccasin, a black bear, an orc, a zombie and a skeleton come into view.
The water moccasin hisses angrily.
The water moccasin closely misses you. The water moccasin barely misses you.
The water moccasin bites you but does no damage.
Reach: a) +0 trident
Press: ? - help, Dir - move target, f - black bear
Aim: a black bear (about 33% to evade your +0 trident)
You reach to attack!
You hit the black bear.
The black bear is lightly wounded.
The water moccasin bites you. The water moccasin bites you!
Reach: a) +0 trident
Press: ? - help, Dir - move target, f/p - black bear
Aim: a black bear (lightly wounded, about 33% to evade your +0 trident)
You reach to attack!
You hit the black bear.
The black bear is moderately wounded.
The water moccasin bites you but does no damage.
Reach: a) +0 trident
Press: ? - help, Dir - move target, f/p - black bear
Aim: a black bear (moderately wounded, about 33% to evade your +0 trident)
You reach to attack!
You puncture the black bear!
The black bear is severely wounded.
The water moccasin bites you but does no damage.
The water moccasin bites you.
* * * LOW HITPOINT WARNING * * *
Reach: a) +0 trident
Press: ? - help, Dir - move target, f/p - black bear
Aim: a black bear (severely wounded, about 33% to evade your +0 trident)
You reach to attack!
You hit the black bear.
The black bear is severely wounded.
The water moccasin bites you but does no damage.
Reach: a) +0 trident
Press: ? - help, Dir - move target, f/p - black bear
Aim: a black bear (severely wounded, about 33% to evade your +0 trident)
The water moccasin is in the way.
You hit the water moccasin.
The water moccasin is moderately wounded.
The water moccasin bites you.
You die...

▓.▓
▓.▓
▓.▓
▓†▓
▓.▓
▓.▓
▓.▓
▓.▓
▓@▓
▓S▓
▓h▓
▓Z▓
▓o▓
▓Z▓
▓.▓
▓+▓


You could see a water moccasin, a black bear, an orc, a ball python zombie and a
ball python skeleton.

Vanquished Creatures
  2 ball pythons (D)
  An endoplasm (D)
  A quokka (D)
  A frilled lizard (D)
5 creatures vanquished.

Notes
Turn   | Place    | Note
-------+----------+-------------------------------------------
     0 | D        | HoaS the Demigod Gladiator began the quest for the Orb.
     0 | D        | Reached XP level 1. HP: 17/17 MP: 3/3
     8 | D        | Reached skill level 3 in Polearms
    15 | D        | Reached skill level 4 in Polearms
    85 | D        | Noticed a water moccasin
    85 | D        | Noticed a black bear
    92 | D        | Slain by a water moccasin

Illustrated notes

Levels and vault maps discovered:
D:        linesprint [early_d, line_temple, items_1, d_10, items_2, lair_1,
          lair_end, items_3, orc_1, orc_end, items_4, d_15, swamp_1, shoals_1,
          snake_1, spider_1, d_20, vaults_1, items_5, swamp_end, shoals_end,
          snake_end, spider_end, vaults_end, d_27, items_6, zot_1, zot_end,
          crypt_end, forest_end, elf_end, slime_end, tomb_end, abyss_end,
          pan_hell_end]

Skill      XL: |  1 |
---------------+----+-----
Polearms       | 4 |  4.3
Fighting       | |  1.7
Throwing       | |  1.7
Dodging        | |  2.6

Action                   || total
-------------------------++-------
Melee: Trident           ||    18
Armor: Leather armour    ||     9
Dodge: Dodged            ||    10

Table legend: (Time is in decaauts)
 A = Elapsed time spent in this place.
 B = Non-inter-level travel time spent in this place.
 C = Inter-level travel time spent in this place.
 D = Time resting spent in this place.
 E = Time spent auto-exploring this place.
 F = Levels seen in this place.
 G = Mean time per level.
                   A        B        C        D        E       F      G
               +--------+--------+--------+--------+--------+-----+--------+
         Total |     93 |     93 |      0 |     61 |      0 |   1 |   93.0 |
       Dungeon |     93 |     93 |      0 |     61 |      0 |   1 |   93.0 |
               +--------+--------+--------+--------+--------+-----+--------+

Top non-repeatable levels by time:
       D: 93 daAuts
